Map: Dämmertürme

Players

Pilsesucher - Winner!

  • Race: Zerg Zerg
  • League: Master

Chaoss

  • Race: Protoss Protoss
  • League: Platinum

VOD

Have the link to the VOD?

Description

Time

  • Played on: Dec. 7, 2015, 7:54 a.m.
  • Length: 14:46
Show
View Real Time Build Order
Export as new Build Order

Pilsesucher Zerg - Winner!

Build Orders: 3 Hatch before Pool 

Get SALT Encoding   

  12  0:01  Drone  
  13  0:14  Overlord  
  13  0:22  Drone  
  13  0:25  Extractor  
  13  0:26  Drone  
  15  0:33  Drone  
  16  0:36  Drone  
  17  0:55  Hatchery, Drone  
  17  1:08  Drone  
  18  1:21  Drone  
  19  1:29  Hatchery  
  18  1:41  Spawning Pool  
  18  1:43  Drone  
  18  1:52  Drone x2  
  20  1:55  Drone  
  21  2:08  Drone  
  21  2:09  Drone  
  23  2:18  Drone  
  23  2:21  Overlord  
  24  2:27  Drone  
  24  2:28  Queen  
  24  2:29  Drone  
  28  2:36  Extractor x2, Queen  
  28  2:40  Drone x2  
  28  2:43  Zergling x2  
  31  2:48  Queen  
  31  2:50  Drone  
  31  2:51  Drone  
  35  2:53  Drone  
  36  3:00  Drone  
  36  3:05  Drone x2  
  39  3:08  Queen  
  39  3:12  Drone  
  42  3:19  Overlord  
  42  3:23  Metabolic Boost  
  42  3:24  Overlord  
  42  3:31  Overlord  
  42  3:39  Evolution Chamber, Drone x2  
  42  3:40  Drone  
  44  3:41  Evolution Chamber  
  44  3:48  Drone x4  
  46  3:57  Overlord  
  46  4:06  Zerg Ground Armor Level 1  
  46  4:08  Zerg Melee Weapons Level 1  
  46  4:11  Zergling x10  
  46  4:12  Zergling x2  
  46  4:13  Zergling x2  
  46  4:15  Zergling x2  
  49  4:46  Spore Crawler, Queen, Drone x2  
  49  4:50  Spore Crawler, Queen  
  49  4:51  Spore Crawler, Drone x3  
  49  4:52  Drone x4  
  60  4:53  Drone  
  61  5:00  Lair  
  61  5:04  Drone x2  
  61  5:05  Drone x3, Extractor  
  61  5:06  Drone, Extractor  
  63  5:08  Drone  
  63  5:10  Drone  
  65  5:20  Overlord x2  
  63  5:28  Overlord x2  
  63  5:33  Overlord  
  63  5:35  Overlord x3  
  63  5:37  Overlord  
  63  5:43  Drone x2  
  63  5:44  Drone x3  
  63  5:48  Overlord  
  68  6:01  Infestation Pit  
  67  6:05  Hatchery, Overlord  
  67  6:07  Drone x3  
  67  6:09  Zerg Ground Armor Level 2  
  69  6:17  Zerg Melee Weapons Level 2  
  69  6:24  Drone x2  
  69  6:25  Drone, Overlord  
  69  6:28  Drone x2  
  69  6:29  Drone x4, Extractor  
  69  6:30  Extractor  
  69  6:32  Overlord  
  73  6:35  Zergling x4  
  73  6:38  Hive  
  73  6:39  Burrow  
  75  6:41  Zergling x2  
  75  6:42  Zergling x4  
  78  6:49  Overseer  
  78  6:51  Overlord  
  78  6:54  Zergling x12  
  80  6:55  Zergling x2  
  80  7:00  Drone x3  
  88  7:09  Overlord  
  88  7:16  Overlord  
  88  7:18  Overlord  
  88  7:20  Drone x5  
  88  7:21  Drone  
  94  7:26  Zergling x6  
  94  7:27  Zergling x8  
  101  7:33  Overlord  
  101  7:39  Extractor  
  101  7:43  Zergling x2  
  101  7:44  Zergling x12  
  104  7:45  Zergling x4  
  104  7:48  Spore Crawler  
  104  7:49  Extractor  
  104  7:50  Adrenal Glands  
  107  7:52  Overlord  
  107  7:55  Ultralisk Cavern  
  104  8:00  Drone x3  
  104  8:01  Drone x3  
  104  8:02  Drone x2  
  110  8:07  Overlord  
  110  8:09  Drone x3  
  113  8:14  Overseer  
  113  8:16  Overlord  
  113  8:18  Drone x2  
  113  8:19  Spire  
  109  8:33  Overlord  
  107  8:41  Overlord  
  107  8:44  Overlord  
  107  8:47  Chitinous Plating  
  107  8:48  Zergling x6  
  107  8:49  Zergling x24  
  107  8:54  Overlord  
  121  8:58  Zergling x6  
  121  8:59  Zergling x4  
  121  9:01  Zerg Ground Armor Level 3  
  121  9:02  Zerg Melee Weapons Level 3  
  117  9:36  Mutalisk x5  
  117  9:37  Mutalisk x11  
  126  9:45  Zerg Flyer Weapons Level 1, Mutalisk x2  
  117  9:46  Mutalisk  
  117  9:52  Zergling x6  
  125  9:59  Zergling x8  
  129  10:02  Zergling x2  
  129  10:03  Zergling x2  
  131  10:22  Hatchery  
  131  10:24  Ultralisk  
  131  10:26  Hatchery  
  131  10:28  Mutalisk x3  
  135  10:33  Zergling x2  
  135  10:34  Zergling x8  
  135  10:35  Zergling x2  
  147  10:49  Overlord  
  145  10:53  Ultralisk x2  
  126  11:07  Zergling x2  
  126  11:08  Zergling x22  
  105  11:16  Zergling x2  
  105  11:23  Zergling x8  
  105  11:24  Zergling x2  
  110  11:28  Ultralisk  
  110  11:31  Ultralisk  
  122  11:35  Corruptor  
  116  11:50  Ultralisk  
  122  11:54  Overlord  
  122  11:57  Extractor  
  122  11:59  Queen  
  122  12:01  Zerg Flyer Armor Level 1  
  106  12:17  Zergling x30  
  106  12:18  Zergling x2  
  115  12:26  Drone  
  115  12:27  Drone x3  
  115  12:29  Zergling x6  
  119  12:34  Viper x2  
  119  12:35  Viper  
  127  12:38  Viper  
  124  12:50  Queen  
  125  12:54  Corruptor x2  
  129  13:04  Overlord  
  129  13:05  Drone x5  
  132  13:06  Drone x2  
  132  13:07  Corruptor  
  132  13:12  Spore Crawler  
  137  13:14  Extractor  
  137  13:17  Overlord  
  136  13:20  Corruptor  
  136  13:21  Corruptor  
  136  13:24  Drone  
  136  13:25  Drone, Extractor  
  139  13:37  Overlord  
  139  13:47  Ultralisk x2  
  151  13:51  Zergling x2  
  151  13:52  Zergling x12  
  158  14:04  Drone x3  
  158  14:05  Drone  
  158  14:06  Drone x2  
  158  14:07  Drone x2  
  158  14:08  Drone x2  
  168  14:17  Zergling x10  
  168  14:18  Zergling x2  
Show
View Real Time Build Order
Export as new Build Order

Chaoss Protoss 

Build Orders: Nexus First, Oracle Opening 

Get SALT Encoding   

  12  0:01  Probe (Chrono Boost)  
  13  0:12  Probe (Chrono Boost)  
  14  0:20  Pylon  
  14  0:22  Probe (Chrono Boost)  
  15  0:38  Probe (Chrono Boost)  
  16  0:48  Probe (Chrono Boost)  
  17  1:02  Nexus  
  17  1:14  Gateway  
  17  1:15  Probe (Chrono Boost)  
  18  1:25  Assimilator  
  18  1:27  Probe (Chrono Boost), Assimilator  
  20  1:40  Probe (Chrono Boost)  
  20  1:50  Probe (Chrono Boost)  
  21  1:57  Pylon  
  21  2:01  Probe (Chrono Boost)  
  22  2:07  Cybernetics Core  
  22  2:11  Probe (Chrono Boost)  
  22  2:14  Zealot  
  25  2:16  Probe (Chrono Boost)  
  25  2:22  Probe (Chrono Boost)  
  27  2:27  Probe (Chrono Boost)  
  28  2:32  Probe (Chrono Boost)  
  29  2:38  Probe (Chrono Boost)  
  29  2:43  Probe (Chrono Boost)  
  31  2:48  Stargate  
  31  2:49  Adept  
  31  2:50  Warp Gate  
  33  2:52  Probe (Chrono Boost)  
  33  2:53  Probe (Chrono Boost)  
  35  3:03  Probe (Chrono Boost)  
  36  3:08  Mothership Core (Chrono Boost)  
  36  3:12  Pylon  
  38  3:14  Probe (Chrono Boost)  
  38  3:16  Adept  
  41  3:25  Probe (Chrono Boost), Pylon  
  41  3:26  Probe (Chrono Boost)  
  43  3:35  Probe (Chrono Boost)  
  43  3:36  Probe (Chrono Boost)  
  43  3:39  Oracle (Chrono Boost)  
  48  3:46  Probe  
  49  3:49  Assimilator  
  49  3:50  Assimilator  
  49  3:57  Nexus  
  49  3:59  Pylon  
  49  4:01  Probe  
  50  4:04  Probe  
  50  4:06  Forge  
  51  4:14  Void Ray (Chrono Boost)  
  55  4:21  Probe  
  55  4:22  Probe, Pylon  
  57  4:31  Probe  
  57  4:34  Probe  
  59  4:42  Probe  
  54  4:45  Protoss Ground Weapons Level 1  
  54  4:46  Probe  
  54  4:51  Sentry  
  57  4:57  Probe  
  55  5:00  Photon Cannon  
  55  5:02  Pylon  
  55  5:03  Twilight Council  
  55  5:05  Oracle (Chrono Boost)  
  55  5:06  Probe  
  59  5:18  Probe  
  59  5:20  Probe  
  61  5:24  Sentry, Probe  
  64  5:29  Probe  
  64  5:30  Gateway  
  64  5:33  Gateway  
  64  5:34  Probe  
  64  5:35  Probe, Pylon, Robotics Facility  
  66  5:38  Pylon  
  66  5:40  Assimilator  
  66  5:41  Assimilator  
  67  5:46  Resonating Glaives (Chrono Boost)  
  67  5:48  Sentry  
  69  5:55  Probe  
  69  5:56  Probe  
  71  6:00  Probe  
  72  6:05  Probe  
  72  6:08  Probe  
  74  6:12  Gateway  
  74  6:13  Probe  
  74  6:14  Gateway  
  74  6:16  Probe  
  74  6:17  Gateway  
  76  6:20  Pylon  
  76  6:24  Probe  
  77  6:26  Probe, Protoss Ground Weapons Level 2  
  77  6:29  Probe  
  79  6:33  Warp Prism  
  79  6:34  Sentry  
  79  6:37  Probe x2  
  85  6:40  Pylon  
  85  6:47  Sentry x2, Probe  
  85  6:48  Probe  
  85  6:50  Probe  
  92  6:56  Gateway  
  92  6:59  Gateway  
  92  7:10  Adept x3  
  92  7:11  Adept  
  92  7:13  Probe  
  101  7:24  Probe  
  101  7:25  Probe  
  101  7:28  Stalker x2  
  107  7:30  Blink (Chrono Boost)  
  107  7:42  Stalker x3  
  107  7:43  Stalker, Nexus  
  115  7:44  Pylon  
  115  7:47  Immortal, Robotics Bay  
  115  7:49  Robotics Facility  
  119  7:58  Probe  
  119  8:09  Stargate  
  119  8:11  Stalker x5  
  119  8:12  Fleet Beacon  
  129  8:30  Phoenix  
  131  8:38  Protoss Ground Weapons Level 3  
  131  8:50  Stalker  
  131  8:55  Pylon x2, Phoenix  
  133  8:56  Anion Pulse-Crystals, Phoenix  
  133  8:57  Pylon  
  133  9:00  Pylon  
  133  9:02  Observer  
  138  9:03  Observer Gravitic Boosters  
  138  9:04  Observer  
  139  9:20  Phoenix  
  141  9:27  Adept x4  
  141  9:28  Adept x2  
  141  9:29  Stalker  
  141  9:30  Stalker  
  157  9:32  Phoenix  
  137  9:47  Disruptor x2  
  137  9:50  Stalker x2  
  137  9:51  Stalker x3  
  151  10:04  Phoenix x2  
  151  10:06  Protoss Air Weapons Level 1  
  155  10:12  Stalker x2  
  159  10:14  Zealot x2  
  159  10:15  Zealot x4  
  171  10:23  Assimilator  
  171  10:25  Disruptor  
  171  10:27  Assimilator  
  174  10:36  Stalker x2  
  174  10:37  Stalker  
  174  10:42  Pylon  
  178  10:43  Pylon  
  178  10:44  Pylon  
  155  11:04  Protoss Ground Armor Level 1  
  121  11:12  Stalker x4  
  121  11:13  Stalker x4  
  127  11:18  Mothership Core  
  127  11:21  Disruptor  
  130  11:31  Gateway  
  130  11:33  Gateway  
  130  11:36  Gateway  
  130  11:39  Pylon  
  130  11:40  Adept x4, Photon Cannon  
  130  11:41  Adept x2  
  119  11:55  Immortal  
  119  11:57  Stalker x2, Immortal  
  128  12:12  Adept x5  
  105  12:24  Pylon  
  105  12:25  Nexus  
  105  12:27  Pylon  
  101  12:32  Stalker x7  
  107  12:46  Probe  
  107  12:47  Probe x2  
  110  13:00  Templar Archives  
  110  13:07  Disruptor (Chrono Boost)  
  110  13:09  Disruptor (Chrono Boost)  
  116  13:40  High Templar  
  116  13:41  High Templar x3  
  117  13:42  Stalker x2, High Templar x2  
  117  13:43  Stalker x3  
  117  13:46  Archon x3  
  135  14:10  Zealot x4  
  135  14:11  Zealot  
  135  14:14  Zealot x5  
  139  14:37  High Templar x4  
  139  14:38  High Templar  
Tags
 
Add a new tag
Caveats
  • Supply blocks, unpowered buildings, or Contaminate may cause inaccurate times.
  • Supply counts are checked every 10 seconds.